 Dungeon Crawl Stone Soup version 0.31.0-11-ge490571c62 (webtiles) character file.

Game seed: 6999950168829212669

1313 ProzacElf the Wallflower (level 8, -9/52 HPs)
             Began as a Merfolk Hedge Wizard on Jan 29, 2024.
             Was a Follower of Uskayaw.
             Killed from afar by a steam dragon (12 damage)
             ... with a ball of steam
             ... on level 6 of the Dungeon.
             The game lasted 00:12:02 (5628 turns).

ProzacElf the Wallflower (Merfolk Hedge Wizard)     Turns: 5628, Time: 00:12:03

Health: -9/52      AC: 10    Str: 15    XL:     8   Next: 58%
Magic:  12/12      EV: 12    Int: 13    God:    Uskayaw [*.....]
Gold:   298        SH:  0    Dex: 14    Spells: 3/13 levels left

rFire   . . .        a - +7 hand axe of the Apocalypse {drain, Str+3}
rCold   . . .        (no shield)
rNeg    . . .        A - +3 ring mail
rPois   .            c - +0 hat
rElec   .            (no cloak)
rCorr   .            G - +0 pair of gloves
SInv    .            u - +0 pair of boots
Will    .....        (no amulet)
Stlth   ++           (no ring)
HPRegen 0.28/turn    (no ring)
MPRegen 0.13/turn

%: no passive effects
@: no status effects
A: (nimble swimmer 2), mertail
a: Renounce Religion, Stomp


You were on level 6 of the Dungeon.
You worshipped Uskayaw.
Uskayaw was noncommittal.
You visited 2 branches of the dungeon, and saw 7 of its levels.
You also visited: Sewer.

You collected 394 gold pieces.
You spent 96 gold pieces at shops.

Inventory:

Hand Weapons
 a - the +7 hand axe of the Apocalypse (weapon) {drain, Str+3}
   (You found it on level 2 of the Dungeon)

   Str+3:     It affects your strength (+3).
 b - a +2 dagger of draining
 s - a +3 dagger
 y - a +0 spear
Missiles
 e - 6 boomerangs
 f - 4 atropa-tipped darts
 i - 2 javelins
 j - a throwing net
 q - 2 poisoned darts
Armour
 c - a +0 hat (worn)
 u - a +0 pair of boots (worn)
 v - a +0 leather armour
 A - a +3 ring mail (worn)
 G - a +0 pair of gloves (worn)
Jewellery
 k - a ring of resist corrosion
Wands
 C - a wand of acid (4)
 F - a wand of mindburst (7)
Scrolls
 h - a scroll of teleportation
 n - a scroll of fog
 p - a scroll of amnesia {unknown}
 r - 2 scrolls of poison
 t - a scroll of revelation
 w - a scroll of enchant armour {unknown}
 z - 3 scrolls of blinking
 D - 2 scrolls of enchant weapon {unknown}
 H - a scroll of vulnerability {unknown}
 I - a scroll of identify
Potions
 d - a potion of magic
 g - 3 potions of curing
 l - 2 potions of heal wounds
 m - a potion of lignification
 o - 3 potions of enlightenment
 x - 2 potions of mutation {unknown}
 B - a potion of attraction
 E - a potion of brilliance


   Skills:
 + Level 5.2 Polearms
 - Level 5.0 Dodging
 - Level 5.0 Stealth
 - Level 3.0 Spellcasting
 - Level 2.0 Conjurations
 - Level 2.0 Summonings
 - Level 2.0 Translocations
 - Level 2.0 Air Magic
 - Level 2.0 Alchemy
 + Level 6.2 Invocations


You had 3 spell levels left.
You knew the following spells:

 Your Spells              Type           Power      Damage    Failure   Level
a - Magic Dart            Conj           28%        1d4       21%         1
b - Call Imp              Summ           14%        N/A       30%         2
c - Mephitic Cloud        Conj/Alch/Air  7%         N/A       52%         3
d - Mercury Vapours       Alch/Air       14%        N/A       30%         2
o - Blink                 Tloc           14%        N/A       30%         2

Your spell library contained the following spells:

 Spells                   Type           Power      Damage    Failure   Level
 Cigotuvi's Dreadful Rot  Necr/Alch/Air  10%        N/A       38%         2
 Slow                     Hex            4%         N/A       41%         1
 Freezing Cloud           Conj/Ice/Air   2%         6-21      100%        5


Dungeon Overview and Level Annotations

Branches:
Dungeon (6/15)             Temple (1/1) D:4           Sewer (visited)

Altars:
Ashenzari
Cheibriados
Dithmenos
Fedhas
Hepliaklqana
Kikubaaqudgha
Nemelex Xobeh
Okawaru
Ru
Sif Muna
Trog
Uskayaw
Vehumet
Wu Jian
Xom
Zin
The Shining One

Shops:
D:2 !   D:3 :


Innate Abilities, Weirdness & Mutations

((You are very nimble when in or above water. (Stealth+, EV+, Speed+++)))
Your lower body shifts to a powerful aquatic tail in water.


Message History

Tha adder be 'ngulfed in a cloud o' scaldin' steam.
Ye take 6 damage, an' haf 35/52 hp.
Ye barely miss tha adder.
Yer punch misses tha adder.
Tha adder be lightly wounded.
Ye be 'ngulfed in a cloud o' scaldin' steam.
Tha adder be 'ngulfed in a cloud o' scaldin' steam.
Tha adder closely misses ye.
Tha adder be 'ngulfed in a cloud o' scaldin' steam.
Tha adder dies!
Ye take 3 damage, an' haf 32/52 hp.
Ye closely miss tha steam dragon.
Tha steam dragon bites ye but does nay damage.
Tha steam dragon claws ye.
An orc comes inta view.
It be wieldin' a +0 hand axe.
Ye take 4 damage, an' haf 28/52 hp.
Ye closely miss tha steam dragon.
Tha steam dragon misses ye.
Tha steam dragon closely misses ye.
Tha orc moves outta view.
Ye closely miss tha steam dragon.
Tha steam dragon bites ye.
Tha steam dragon claws ye but does nay damage.
Ye take 5 damage, an' haf 24/52 hp.
Ye hit tha steam dragon but do nay damage.
Ye punch tha steam dragon, but do nay damage.
Tha steam dragon bites ye.
Tha steam dragon claws ye but does nay damage.
Ye take 3 damage, an' haf 21/52 hp.
Ye slash tha steam dragon!
Tha steam dragon be moderately wounded.
Tha steam dragon barely misses ye.
Tha steam dragon claws ye.
Tha steam dragon breathas steam at ye.
Tha ball o' steam hits ye.
* * * LOW HITPOINT WARNIN'
* * * Ye take 6 damage, an' haf 15/52 hp.
Ye hit tha steam dragon but do nay damage.
Ye drain tha steam dragon.
Tha steam dragon be moderately wounded.
Ye be 'ngulfed in a cloud o' scaldin' steam.
* * * LOW HITPOINT WARNIN'
* * * Tha steam dragon breathas steam at ye.
Tha ball o' steam hits ye!
Ye die...

*,********,#.))....# #.#
*,*,,,,,,*,#######.# #.#######
*,*,***,**,******#.# #........
**+*,* *,**,,,,,,,#.############
*,,,,* *<********,#.#...........
*,,,,#######*****,#.#.##########
*,,,,.......,,,,,,#...# #######
**,***#.....############ #......
*,,,,+....)ooD@§§.....# #..)...
*****#.....##########.# #......
#...§.* #.# ###.... #.....* #.#
#.... #.....* #.# #...< #.....*
#.# #.... #.....* #.# ####'
######* #.# #. #.########.


You could see a steam dragon (catching breath, drained), an orc wizard and an
orc.

Vanquished Creatures
  A black bear (D:5)
  An ice beast (D:6)
  An ogre (D:6)
  A bullfrog (Sewer)
  A gnoll sergeant (D:6)
  4 scorpions
  3 jellies (D:5)
  2 bombardier beetles
  An orc priest (D:3)
  3 hounds
  A gnoll bouda (D:6)
  A sleepcap (D:5)
  An iguana (D:6)
  9 adders
  8 gnolls (D:6)
  A shadow imp (D:5)
  2 ribbon worms (D:2)
  11 dart slugs
  6 orcs
  12 ball pythons
  3 bats (D:1)
  7 endoplasms
  19 giant cockroaches
  9 goblins
  8 hobgoblins
  4 jackals (D:1)
  8 kobolds
  4 quokkas
  16 frilled lizards
  10 rats
158 creatures vanquished.

Vanquished Creatures (collateral kills)
  An adder (D:2)
1 creature vanquished.

Vanquished Creatures (others)
  An orc wizard (D:6)
  An adder (D:6)
2 creatures vanquished.

Grand Total: 161 creatures vanquished

Notes
Turn   | Place    | Note
-------+----------+-------------------------------------------
     0 | D:1      | ProzacElf the Merfolk Hedge Wizard began the quest for the
                  | Orb.
     0 | D:1      | Reached XP level 1. HP: 13/13 MP: 4/4
   148 | D:1      | Reached skill level 1 in Conjurations
   148 | D:1      | Reached skill level 1 in Translocations
   148 | D:1      | Reached XP level 2. HP: 19/19 MP: 3/6
   167 | D:1      | Learned a level 2 spell: Blink
   170 | D:1      | Learned a level 2 spell: Call Imp
   510 | D:1      | Reached XP level 3. HP: 13/24 MP: 3/7
   959 | D:1      | Found a faded altar of an unknown god.
   964 | D:1      | Prayed at the altar of an unknown god.
   964 | D:1      | Became a worshipper of Uskayaw the Reveller
   964 | D:1      | Reached * piety under Uskayaw
  1143 | D:2      | Reached ** piety under Uskayaw
  1345 | D:2      | Reached XP level 4. HP: 30/30 MP: 3/8
  1951 | D:2      | Learned a level 3 spell: Mephitic Cloud
  2341 | D:2      | Found Medwoim's Distillery.
  2384 | D:2      | Bought a potion of curing for 36 gold pieces
  2384 | D:2      | Bought a potion of heal wounds for 60 gold pieces
  2435 | D:2      | Identified the +7 hand axe of the Apocalypse {drain, Str+3}
  2689 | D:3      | Reached XP level 5. HP: 34/35 MP: 9/9
  3007 | D:3      | Found Puetaopsu's Book Emporium.
  3293 | D:4      | Reached skill level 5 in Dodging
  3293 | D:4      | Reached XP level 6. HP: 29/41 MP: 10/10
  3524 | D:4      | Reached skill level 1 in Alchemy
  3524 | D:4      | Reached skill level 1 in Invocations
  3776 | D:4      | Found a glowing golden altar of the Shining One.
  3828 | D:4      | Reached skill level 1 in Air Magic
  3967 | D:4      | Found a staircase to the Ecumenical Temple.
  4195 | D:5      | Entered Level 5 of the Dungeon
  4208 | D:5      | Reached *** piety under Uskayaw
  4209 | D:5      | Reached **** piety under Uskayaw
  4210 | D:5      | Reached skill level 5 in Stealth
  4210 | D:5      | Reached XP level 7. HP: 43/46 MP: 3/11
  4216 | D:5      | Found a shadowy altar of Dithmenos.
  4286 | Temple   | Entered the Ecumenical Temple
  4370 | D:5      | Reached skill level 2 in Invocations
  4567 | D:5      | Reached skill level 3 in Invocations
  4674 | D:5      | Reached skill level 4 in Invocations
  4831 | D:5      | Found a bloodstained altar of Trog.
  4891 | D:6      | Reached skill level 1 in Polearms
  4978 | D:6      | Reached XP level 8. HP: 35/52 MP: 12/12
  4988 | D:6      | Reached skill level 5 in Invocations
  4999 | D:6      | Reached ***** piety under Uskayaw
  5193 | D:6      | Found a glowing drain.
  5202 | Sewer    | Entered a sewer
  5398 | Sewer    | Reached skill level 6 in Invocations
  5479 | D:6      | Reached skill level 5 in Polearms
  5514 | D:6      | Learned a level 2 spell: Mercury Vapours
  5628 | D:6      | Killed from afar by a steam dragon

Illustrated notes

Levels and vault maps discovered:
D:1:      mrwooster_arrival_arrow, layout_loops_ring,
          shapermc_ecumenical_altar_hornbeckon
D:2:      layout_basic, serial_shops, nicolae_square_shop, dk_noncrumbling_4
D:3:      layout_rooms, serial_shops, shop, serial_bayou_pond_c, st_stairs_7
D:4:      layout_basic, mainiacjoe_overflow_concentric_impassable,
          temple_doors_cd, minmay_misc_feat_pillars
D:5:      layout_rooms, mainiacjoe_overflow_small_starburst,
          lightli_temple_of_fire
D:6:      layout_basic, portal_sewer_entry_e
Temple:   nicolae_temple_superstar

Skill      XL: |  1  2  3  4  5  6  7  8 |
---------------+-------------------------+-----
Conjurations   | 1 2 |  2.0
Translocations | 1 2 |  2.0
Dodging        | 3 5 |  5.0
Stealth        | 3 4 5 |  5.0
Summonings     | 2 |  2.0
Alchemy        | 2 |  2.0
Invocations    | 1 4 6 |  6.2
Air Magic      | 1 2 |  2.0
Polearms       | 2 5 |  5.2
Spellcasting   | |  3.0

Action                     |  1- 3 |  4- 6 |  7- 9 || total
---------------------------+-------+-------+-------++-------
  Melee: Dagger            |    69 |    14 |       ||    83
         Punch             |     1 |       |     3 ||     4
         Hand axe          |       |    76 |   144 ||   220
         Tailslap          |       |       |     1 ||     1
   Cast: Magic Dart        |    45 |    90 |    12 ||   147
         Call Imp          |       |     1 |     3 ||     4
    Use: Potion            |       |     1 |     2 ||     3
         Scroll            |       |       |     9 ||     9
   Stab: Sleeping          |     2 |     2 |     7 ||    11
         Paralysed         |       |     1 |     9 ||    10
 Armour: Robe              |    37 |    36 |       ||    73
         Ring mail         |       |     6 |   124 ||   130
  Dodge: Dodged            |    57 |    63 |   118 ||   238

Action                     |  1- 3 |  4- 6 |  7- 9 || total
---------------------------+-------+-------+-------++-------
  Melee: Dagger            |    69 |    14 |       ||    83
         Punch             |     1 |       |     3 ||     4
         Hand axe          |       |    76 |   144 ||   220
         Tailslap          |       |       |     1 ||     1
   Cast: Magic Dart        |    45 |    90 |    12 ||   147
         Call Imp          |       |     1 |     3 ||     4
    Use: Potion            |       |     1 |     2 ||     3
         Scroll            |       |       |     9 ||     9
   Stab: Sleeping          |     2 |     2 |     7 ||    11
         Paralysed         |       |     1 |     9 ||    10
 Armour: Robe              |    37 |    36 |       ||    73
         Ring mail         |       |     6 |   124 ||   130
  Dodge: Dodged            |    57 |    63 |   118 ||   238

Levels and vault maps discovered:
D:1:      mrwooster_arrival_arrow, layout_loops_ring,
          shapermc_ecumenical_altar_hornbeckon
D:2:      layout_basic, serial_shops, nicolae_square_shop, dk_noncrumbling_4
D:3:      layout_rooms, serial_shops, shop, serial_bayou_pond_c, st_stairs_7
D:4:      layout_basic, mainiacjoe_overflow_concentric_impassable,
          temple_doors_cd, minmay_misc_feat_pillars
D:5:      layout_rooms, mainiacjoe_overflow_small_starburst,
          lightli_temple_of_fire
D:6:      layout_basic, portal_sewer_entry_e
Temple:   nicolae_temple_superstar
